 Dungeon Crawl Stone Soup version 0.30.0-29-ga12c61a403 (webtiles) character file.

Game seed: 5944910198232301937

35 monsoonserge the Digger (level 3, -3/26 HPs)
             Began as a Meteoran Earth Elementalist on June 11, 2023.
             Killed by divine providence
             ... invoked by an orc priest
              (13 damage)
             ... on level 2 of the Dungeon.
             The game lasted 00:06:15 (900 turns).

monsoonserge the Digger (MeEE)                       Turns: 900, Time: 00:06:16

Health: -3/26      AC:  2    Str:  9    XL:     3   Next: 76%
Magic:  3/8        EV: 13    Int: 18    God:
Gold:   53         SH:  0    Dex: 15    Spells: 4/8 levels left

rFire   . . .        j - staff of earth
rCold   . . .        (no shield)
rNeg    . . .        a - +0 robe
rPois   .            (no helmet)
rElec   .            (no cloak)
rCorr   .            (no gloves)
SInv    .            (no boots)
Will    .....        (no amulet)
Stlth   +            (no ring)
HPRegen 0.24/turn    (no ring)
MPRegen 0.11/turn

%: no passive effects
@: glowing
A: sense surroundings 1, otherworldly, glowing, explore regen
a: no special abilities


You were on level 2 of the Dungeon.
You visited 1 branch of the dungeon, and saw 2 of its levels.

You collected 53 gold pieces.

Inventory:

Hand Weapons
 d - a +0 short sword
Armour
 a - a +0 robe (worn)
 f - a +0 ring mail
Magical Staves
 j - a staff of earth (weapon)
Wands
 k - a wand of mindburst (11)
Scrolls
 e - 2 scrolls of fog {unknown}
 g - 3 scrolls of identify {unknown}
Potions
 b - a potion of magic
 c - a potion of mutation {unknown}
 h - a potion of brilliance {unknown}
 i - a potion of ambrosia {unknown}


   Skills:
 + Level 2.7 Dodging
 + Level 1.4 Stealth
 - Level 3.0 Spellcasting
 * Level 0.3 Conjurations
 - Level 1.2 Transmutations
 * Level 4.8 Earth Magic


You had 4 spell levels left.
You knew the following spells:

 Your Spells              Type           Power      Damage    Failure   Level
a - Sandblast             Erth           60%        2d14      2%          1
b - Stone Arrow           Conj/Erth      36%        3d9       17%         3

Your spell library contained the following spells:

 Spells                   Type           Power      Damage    Failure   Level
 Passwall                 Tmut/Erth      16%        N/A       7%          2
 Petrify                  Tmut/Erth      20%        N/A       43%         4


Dungeon Overview and Level Annotations

Branches:
Dungeon (2/15) Zot: 275

Altars:


Innate Abilities, Weirdness & Mutations

You passively map a small area around you.
You are easily found by Zot.
You glow in the dark.
You regain HP and MP as you explore.


Message History

The orc priest is moderately wounded.
The orc priest hits you with a +0 hand axe. x2
Unknown command.
The orc priest attacks as you move away!
The orc priest hits you with a +0 club.
A goblin comes into view. It is wielding a +0 club.
The orc priest looks satisfied for a moment.
Casting: Sandblast (safe; 2% risk of failure)
Confirm with . or Enter, or press ? or * to list all spells.
Aiming: Sandblast (safe; 2% risk of failure)
Press: ? - help, Shift-Dir - straight line, p - orc priest
Okay, then.
Unknown command.
Casting: Sandblast (safe; 2% risk of failure)
Confirm with . or Enter, or press ? or * to list all spells.
Aiming: Sandblast (safe; 2% risk of failure)
Press: ? - help, Shift-Dir - straight line, f/p - orc priest
Aim: an orc priest, wielding a +0 club (84% to hit)
Okay, then.
Casting: Sandblast (safe; 2% risk of failure)
Confirm with . or Enter, or press ? or * to list all spells.
Aiming: Sandblast (safe; 2% risk of failure)
Press: ? - help, Shift-Dir - straight line, f/p - orc priest
Aim: an orc priest, wielding a +0 club (84% to hit)
You feel a surge of power!
The blast of sand hits the orc priest!
The orc priest is almost dead.
The goblin shouts!
You hear a shout!
The orc priest begins to cast a cantrip, but forgets the words!
The orc priest looks encouraged for a moment.
Casting: Sandblast (safe; 2% risk of failure)
Confirm with . or Enter, or press ? or * to list all spells.
Aiming: Sandblast (safe; 2% risk of failure)
Press: ? - help, Shift-Dir - straight line, f/p - orc priest
Aim: an orc priest, wielding a +0 club (84% to hit)
You feel a surge of power!
The blast of sand hits the orc priest.
You kill the orc priest!
The orc priest invokes the aid of Beogh against you.
Beogh smites you!
Ouch! That really hurt!
You die...

, ....... #.#.##.#* , ,
,, #.#.##.#* , , ,
#.#.##.# * , , , #.#.##.
#....* * * ## #.# #....*
* #. #.#*.##....# #. **
#.##.##....###
##.#.#o#####)##.##.......
,
#....gg)@.##'##.##.......
*
#.###J###.....#.##.......
, [) #.....#.##....... ##
,##, *#.....#.##.......
.. , ,
,,#....†..#........ .. *
, *#.....#.....(.### #. ,
, ........#.......... *
.....)..#.......###
.........#.......#


You could see an orc priest, an endoplasm and 2 goblins.

Vanquished Creatures
  An orc priest (D:2)
  A worm (D:2)
  An orc (D:2)
  3 endoplasms
  2 giant cockroaches (D:2)
  3 goblins
  2 hobgoblins
  A quokka (D:2)
  3 ball pythons
  2 bats
  3 frilled lizards (D:1)
  6 kobolds
  5 rats
33 creatures vanquished.

Notes
Turn   | Place    | Note
-------+----------+-------------------------------------------
     0 | D:1      | monsoonserge the Meteoran Earth Elementalist began the
                  | quest for the Orb.
     0 | D:1      | Reached XP level 1. HP: 14/14 MP: 5/5
   188 | D:1      | Reached XP level 2. HP: 20/20 MP: 2/6
   325 | D:1      | Reached skill level 4 in Earth Magic
   489 | D:1      | Glimpsed the power of Zot.
   533 | D:2      | Reached XP level 3. HP: 26/26 MP: 5/8
   649 | D:2      | Learned a level 3 spell: Stone Arrow
   900 | D:2      | Killed from afar by an orc priest

Illustrated notes

Levels and vault maps discovered:
D:1:      zelgadis_glass_arrival_small, layout_basic
D:2:      layout_basic, basic_altar, minmay_split_cup_large

Skill      XL: |  1  2 |
---------------+-------+-----
Spellcasting   | 3 |  3.0
Earth Magic    | 4 |  4.8
Dodging        | |  2.7
Stealth        | |  1.4
Conjurations   | |  0.3
Transmutations | |  1.2

Action                     || total
---------------------------++-------
  Melee: Short sword       ||     3
         Staff             ||     4
   Cast: Sandblast         ||    48
 Armour: Robe              ||     3
  Dodge: Dodged            ||     8
